 Dungeon Crawl Stone Soup version 0.22-b1-59-g0aedee7 (webtiles) character file.

14927 poirepourri the Peltast (level 12, -1/72 HPs)
             Began as a Gargoyle Fighter on Aug 9, 2018.
             Was an Elder of Cheibriados.
             Headbutted by a minotaur (2 damage)
             ... in a labyrinth.
             The game lasted 00:12:53 (12117 turns).

poirepourri the Peltast (Gargoyle Fighter)         Turns: 12117, Time: 00:12:54

Health: -1/72      AC: 23    Str: 29    XL:     12   Next: 21%
Magic:  12/12      EV: 16    Int: 19    God:    Cheibriados [****..]
Gold:   486        SH: 16    Dex: 22    Spells: 11/11 levels left

rFire    . . .     SeeInvis .   a - +4 flail
rCold    + . .     Gourm    .   c - +0 shield
rNeg     + . .     Faith    .   v - +2 scale mail {rC+}
rPois    ∞         Spirit   .   (no helmet)
rElec    +         Reflect  .   l - +0 cloak
rCorr    .         Harm     .   h - +0 pair of gloves
MR       .....                  D - +1 pair of boots {Fly}
Stlth    ..........             (no amulet)
HPRegen  0.22/turn              g - +4 ring of slaying
MPRegen  0.13/turn              r - +2 ring of evasion

@: very slow
A: negative energy resistance 1, electricity resistance, unbreathing,
petrification resistance, rot immunity, AC +8
a: Bend Time, Temporal Distortion, Slouch, Renounce Religion, Evoke Flight


You were in a labyrinth.
You worshipped Cheibriados.
Cheibriados was greatly pleased with you.
You were not hungry.

You visited 3 branches of the dungeon, and saw 15 of its levels.
You also visited: Labyrinth.

You collected 706 gold pieces.
You spent 220 gold pieces at shops.

Inventory:

Hand Weapons
 a - a +4 flail (weapon)
Missiles
 b - 4 tomahawks
 n - 5 javelins (quivered)
 o - 52 bolts
Armour
 c - a +0 shield (worn)
 h - a +0 pair of gloves (worn)
 l - a +0 cloak (worn)
 v - a +2 scale mail of cold resistance (worn)
 D - a +1 pair of boots of flying (worn)
Jewellery
 g - a +4 ring of slaying (left hand)
 m - an uncursed ring of resist corrosion
 q - an uncursed ring of positive energy
 r - a +2 ring of evasion (right hand)
 F - the ring of Teaqyelu {rC+ rN+ Stlth+}
   (You found it on level 11 of the Dungeon)

   [ring of protection from cold]

   It protects you from cold.
   It protects you from negative energy.
   It makes you more stealthy.
Wands
 y - a wand of disintegration (10)
 z - a wand of flame (13)
Scrolls
 e - 4 scrolls of identify
 i - 2 scrolls of blinking
 s - 3 scrolls of magic mapping
 t - 8 scrolls of remove curse
 x - a scroll of silence
 C - 3 scrolls of teleportation
 G - a scroll of amnesia {unknown}
Potions
 j - 4 potions of cancellation
 k - a potion of magic
 p - 2 potions of mutation
 u - 3 potions of flight
 w - a potion of resistance
 A - a potion of brilliance
 B - a potion of ambrosia
 E - a potion of agility
 I - a potion of might
Comestibles
 f - 12 rations


   Skills:
 - Level 7.2 Fighting
 - Level 10.0 Maces & Flails
 - Level 6.1 Armour
 + Level 4.6 Dodging
 - Level 15.0 Shields


You had 11 spell levels left.
You didn't know any spells.
Your spell library contained the following spells:

 Spells                   Type           Power        Failure   Level  Hunger
 Cause Fear               Hex            #.........   99%         4    #####..
 Slow                     Hex            #.......     52%         2    ###....
 Confuse                  Hex            #.......     77%         3    ####...
 Spider Form              Tmut/Pois      #.........   77%         3    ####...
 Blade Hands              Tmut           #.........   100%        5    ######.
 Ice Form                 Ice/Tmut       #.......     99%         4    #####..
 Confusing Touch          Hex            #.....       38%         1    ##.....
 Sticks to Snakes         Tmut           #.......     52%         2    ###....
 Metabolic Englaciation   Hex/Ice        #.........   100%        5    ######.
 Corona                   Hex            #......      38%         1    ##.....
 Portal Projectile        Hex/Tloc       #.....       77%         3    ####...
 Petrify                  Tmut/Erth      #.......     99%         4    #####..
 Leda's Liquefaction      Hex/Erth       #.........   99%         4    #####..
 Inner Flame              Hex/Fire       #.......     77%         3    ####...
 Beastly Appendage        Tmut           #.....       38%         1    ##.....
 Gell's Gravitas          Tloc           #.........   77%         3    ####...
 Yara's Violent Unravell  Hex/Tmut       #.........   100%        5    ######.


Dungeon Overview and Level Annotations

Branches:
Dungeon (12/15)            Temple (1/1) D:6            Lair (2/6) D:8
    Orc (0/2) D:9
  Swamp: Lair:2-4    Shoals: Lair:2-4     Snake: Lair:2-4    Spider: Lair:2-4

Altars:
Ashenzari
Cheibriados
Dithmenos
Elyvilon
Fedhas
Gozag
Hepliaklqana
Kikubaaqudgha
Makhleb
Nemelex Xobeh
Okawaru
Qazlal
Ru
Sif Muna
Trog
Uskayaw
Vehumet
Wu Jian
Xom
Yredelemnul
Zin
The Shining One

Shops:
D:9 %


Innate Abilities, Weirdness & Mutations

You are resistant to torment.
Your stone body is resilient. (AC +8)
You are immune to poison.
You resist negative energy. (rN+)
You are resistant to electric shocks. (rElec)
You can survive without breathing.
You are immune to petrification.
You are immune to rotting.


Message History

* * * LOW HITPOINT WARNING * * *
The minotaur gores you but does no damage.
Okay, then.
As you read the scroll of fear, it crumbles to dust.
You assume a fearsome visage.
The minotaur resists with almost no effort.
You feel better. You block the minotaur's attack.
The minotaur gores you but does no damage.
You hit the minotaur but do no damage.
The minotaur is moderately wounded.
The minotaur hits you with a morningstar of protection!
* * * LOW HITPOINT WARNING * * *
The minotaur gores you!
* * * LOW HITPOINT WARNING * * *
Okay, then.
Okay, then.
Okay, then.
You closely miss the minotaur.
The minotaur furiously retaliates!
The minotaur headbutts you.
You die...

... . # # #
# .. . . # #
##### ###
#.. . ..# #
### ###.#
##### ## .
... .#.(.#
.. #
.#.###..##.#
.
.#....(@...#
##.###H###.#
.. # .#...
.. # #
###.###.##
## #. ... #
# ≈<≈ ..#≈≈≈
. #### . .


You could see a minotaur.

Vanquished Creatures
  Gastronok (D:8)
  A hydra (Lair:1)
  2 two-headed ogres
  An ugly thing (D:11)
  Maurice (D:9)
  3 spiny frogs (Lair:1)
  2 komodo dragons (Lair:1)
  3 trolls
  Grinder (D:3)
  A hornet (D:8)
  A hippogriff (D:8)
  A wraith (D:10)
  A basilisk (Lair:1)
  17 yaks
  Eustachio (D:5)
  Menkaure (D:5)
  4 water moccasins
  A porcupine (Lair:1)
  2 black bears
  An ice beast (D:7)
  A phantom (D:10)
  A sky beast (D:11)
  3 orc warriors
  7 centaurs
  4 ogres
  2 crocodiles
  A big kobold (D:11)
  6 bullfrogs
  Blork the orc (D:4)
  4 scorpions
  4 killer bees (D:11)
  7 howler monkeys
  5 wights (D:7)
  3 crimson imps
  A quasit (D:8)
  A bullfrog zombie (D:9)
  2 centaur zombies
  5 centaur skeletons
  10 orc priests
  2 hounds
  8 orc wizards
  Jessica (D:2)
  A bullfrog skeleton (D:8)
  7 worker ants
  A killer bee zombie (D:7)
  A hound zombie (D:8)
  A hound skeleton (D:11)
  11 adders
  2 worms
  5 leopard geckos
  30 orcs
  3 giant cockroaches
  2 gnoll zombies (D:6)
  6 goblins
  11 hobgoblins
  10 jackals
  A quokka (D:3)
  4 bats
  3 frilled lizards
  A jackal skeleton (D:5)
  13 kobolds
  A leopard gecko skeleton (D:7)
  14 rats
253 creatures vanquished.

Vanquished Creatures (others)
  2 orcs (D:5)
2 creatures vanquished.

Grand Total: 255 creatures vanquished

Notes
Turn   | Place    | Note
-------+----------+-------------------------------------------
     0 | D:1      | poirepourri the Gargoyle Fighter began the quest for the Orb.
     0 | D:1      | Reached XP level 1. HP: 14/14 MP: 1/1
   125 | D:1      | Reached XP level 2. HP: 17/19 MP: 2/2
   689 | D:2      | Reached XP level 3. HP: 22/23 MP: 3/3
   877 | D:2      | Noticed Jessica
  1029 | D:2      | Killed Jessica
  1029 | D:2      | Reached XP level 4. HP: 25/28 MP: 4/4
  1189 | D:2      | Noticed a moth of wrath
  1192 | D:2      | Found a bloodstained altar of Trog.
  1318 | D:3      | Found a shadowy altar of Dithmenos.
  1367 | D:3      | Found a burning altar of Makhleb.
  1399 | D:3      | Found a hazy altar of Hepliaklqana.
  1399 | D:3      | Found an iron altar of Okawaru.
  1401 | D:3      | Reached skill level 5 in Maces & Flails
  1464 | D:3      | Reached XP level 5. HP: 31/32 MP: 5/5
  1824 | D:3      | Noticed Grinder
  1829 | D:3      | Paralysed by Grinder for 5 turns
  1846 | D:3      | Paralysed by Grinder for 6 turns
  1855 | D:3      | Paralysed by Grinder for 5 turns
  1860 | D:3      | Killed Grinder
  1860 | D:3      | Reached XP level 6. HP: 22/37 MP: 6/6
  1963 | D:3      | Found an opulent altar of Gozag.
  1964 | D:3      | Found a sparkling altar of Nemelex Xobeh.
  2172 | D:4      | Noticed Blork the orc
  2179 | D:4      | Killed Blork the orc
  2398 | D:4      | Reached XP level 7. HP: 41/41 MP: 7/7
  2640 | D:5      | Entered Level 5 of the Dungeon
  2885 | D:5      | Reached XP level 8. HP: 35/46 MP: 8/8
  2922 | D:5      | Found a glowing golden altar of the Shining One.
  2940 | D:5      | Noticed Eustachio
  2968 | D:5      | Killed Eustachio
  3449 | D:5      | Noticed Menkaure
  3458 | D:5      | Killed Menkaure
  3458 | D:5      | Reached skill level 10 in Maces & Flails
  3947 | D:6      | Reached skill level 5 in Fighting
  4363 | D:6      | Found a staircase to the Ecumenical Temple.
  4465 | Temple   | Entered the Ecumenical Temple
  4745 | D:6      | Found a basalt altar of Yredelemnul.
  4882 | D:6      | Reached XP level 9. HP: 56/56 MP: 9/9
  5243 | D:7      | Reached skill level 4 in Shields
  5296 | D:7      | Reached skill level 5 in Shields
  5339 | D:7      | Reached skill level 6 in Shields
  6222 | D:8      | Found a staircase to the Lair.
  6279 | D:8      | Reached skill level 7 in Shields
  6356 | D:8      | Noticed Gastronok
  6357 | D:8      | Noticed a two-headed ogre
  6837 | D:8      | Reached skill level 8 in Shields
  6840 | D:8      | Killed a two-headed ogre
  6840 | D:8      | Reached skill level 9 in Shields
  6840 | D:8      | Reached XP level 10. HP: 27/63 MP: 10/10
  7039 | D:8      | Killed Gastronok
  7039 | D:8      | Reached skill level 11 in Shields
  7422 | D:8      | Found a shattered altar of Ashenzari.
  7538 | D:8      | Found a snail-covered altar of Cheibriados.
  7563 | D:8      | Became a worshipper of Cheibriados the Contemplative
  7676 | D:8      | Found a sacrificial altar of Ru.
  7810 | D:9      | Found a stormy altar of Qazlal.
  7862 | D:9      | Noticed Maurice
  7883 | D:9      | Killed Maurice
  7883 | D:9      | Reached skill level 12 in Shields
  8102 | D:9      | Found a staircase to the Orcish Mines.
  8234 | D:9      | Reached XP level 11. HP: 53/67 MP: 11/11
  8424 | D:9      | Found Dibegeiz's Food Boutique.
  8432 | D:9      | Bought a ration for 55 gold pieces
  8432 | D:9      | Bought a ration for 55 gold pieces
  8432 | D:9      | Bought a ration for 55 gold pieces
  8432 | D:9      | Bought a ration for 55 gold pieces
  8507 | D:9      | Reached skill level 13 in Shields
  8634 | D:10     | Entered Level 10 of the Dungeon
  8663 | D:10     | Reached * piety under Cheibriados
  8887 | D:10     | Identified a scroll of acquirement
  9210 | D:11     | Reached ** piety under Cheibriados
  9237 | D:11     | Noticed a green ugly thing
  9238 | D:11     | Reached skill level 14 in Shields
  9728 | D:11     | Noticed a two-headed ogre
  9737 | D:11     | Killed a green ugly thing
  9743 | D:11     | Killed a two-headed ogre
  9746 | D:11     | Reached skill level 15 in Shields
  9762 | D:11     | Reached *** piety under Cheibriados
  9926 | D:11     | Got a vibrating wooden ring
  9928 | D:11     | Identified the ring of Teaqyelu {rC+ rN+ Stlth+} (You found it on level 11 of the Dungeon)
 10076 | D:12     | Noticed a purple ugly thing
 10216 | Lair:1   | Entered Level 1 of the Lair of Beasts
 10263 | Lair:1   | Noticed a four-headed hydra
 10265 | Lair:1   | Reached skill level 5 in Armour
 10274 | Lair:1   | Killed a four-headed hydra
 10489 | Lair:1   | Reached skill level 1 in Dodging
 10521 | Lair:1   | Reached XP level 12. HP: 64/72 MP: 12/12
 11264 | Lair:1   | Reached **** piety under Cheibriados
 11817 | Lair:2   | Found a labyrinth entrance.
 11860 | Lab      | Entered a labyrinth
 12098 | Lab      | Noticed a minotaur
 12116 | Lab      | HP: 1/72 [minotaur/morningstar of protection (8)]
 12117 | Lab      | Headbutted by a minotaur

Skill      XL: |  1  2  3  4  5  6  7  8  9 10 11 12 |
---------------+-------------------------------------+-----
Maces & Flails | 3 4 5 6 7 9 10 | 10.0
Fighting       | 6 7 |  7.2
Shields        | 9 12 15 | 15.0
Armour         | 6 |  6.1
Dodging        | 2 4 |  4.6

Action                   |  1- 3 |  4- 6 |  7- 9 | 10-12 || total
-------------------------+-------+-------+-------+-------++-------
Melee: Flail             |   101 |   166 |   392 |   506 ||  1165
Throw: Javelin           |       |       |       |     3 ||     3
 Abil: Stop Flying       |       |       |       |     1 ||     1
Evoke: Wand              |       |       |    14 |     3 ||    17
  Use: Scroll            |     8 |     3 |    13 |     9 ||    33
       Potion            |       |     1 |     8 |     5 ||    14
  Eat: Ration            |     1 |     1 |     5 |     2 ||     9
       Chunk             |       |     1 |       |     1 ||     2
Armor: Scale mail        |    66 |   101 |   214 |   161 ||   542
       Skin              |       |       |     1 |       ||     1
Dodge: Dodged            |    38 |    55 |   147 |   181 ||   421
Block: Shield            |    55 |    88 |   222 |   369 ||   734
